 Dungeon Crawl Stone Soup version 0.28-a0-1227-ga9037bb4c8 (webtiles) character file.

Game seed: 15670059869927343111

182 Fortus the Chopper (level 5, -8/41 HPs)
             Began as a Formicid Fighter on Dec 22, 2021.
             Mangled by a gnoll (10 damage)
             ... on level 3 of the Dungeon.
             The game lasted 00:02:27 (2943 turns).

Fortus the Chopper (Formicid Fighter)               Turns: 2943, Time: 00:02:28

Health: -8/41      AC:  6    Str: 22    XL:     5   Next: 93%
Magic:  5/5        EV:  9    Int:  8    God:
Gold:   88         SH:  4    Dex: 10    Spells: 4/4 levels left

rFire   . . .      SeeInvis +   a - +0 war axe
rCold   . . .      Faith    .   c - +0 buckler
rNeg    . . .      Spirit   .   b - +0 scale mail
rPois   .          Reflect  .   (helmet unavailable)
rElec   .          Harm     .   (no cloak)
rCorr   .          Rampage  .   (no gloves)
Will    .....                   (no boots)
Stlth   ..........              (no amulet)
HPRegen 0.13/turn               (no ring)
MPRegen 0.09/turn               (no ring)

@: no status effects
A: permanent stasis, dig shafts and tunnels, antennae 3, four strong arms
a: Dig, Shaft Self


You were on level 3 of the Dungeon.
You visited 1 branch of the dungeon, and saw 3 of its levels.

You collected 88 gold pieces.

Inventory:

Hand Weapons
 a - a +0 war axe (weapon)
Armour
 b - a +0 scale mail (worn)
 c - a +0 buckler (worn)
 k - a +0 plate armour
Jewellery
 f - an amulet of guardian spirit
Scrolls
 e - a scroll of immolation {unknown}
 g - 3 scrolls of identify {unknown}
 i - a scroll of holy word {unknown}
 j - a scroll of vulnerability {unknown}
 l - a scroll of enchant weapon {unknown}
 m - 2 scrolls of teleportation {unknown}
Potions
 d - a potion of might
 h - 2 potions of curing {unknown}


   Skills:
 - Level 3.2 Fighting
 + Level 5.6 Axes
 - Level 3.2 Armour
 - Level 3.6 Shields


You had 4 spell levels left.
You didn't know any spells.
Your spell library contained the following spells:

 Spells                   Type           Power      Damage    Failure   Level
 Sublimation of Blood     Necr           0%         N/A       86%         2
 Wereblood                Tmut           0%         N/A       86%         2
 Summon Hydra             Summ           0%         N/A       100%        7


Dungeon Overview and Level Annotations

Branches:
Dungeon (3/15)

Altars:

Shops:
D:3 (


Innate Abilities, Weirdness & Mutations

You cannot be hasted, slowed, berserked, paralysed or teleported.
You can dig through walls and to a lower floor.
You have a pair of large antennae on your head. (SInv)
Your four strong arms can wield two-handed weapons with a shield.


Message History

No target in view!
No target in view!
No target in view!
There is a stone staircase leading down here.
Found Keul's Antique Weapon Emporium.
You now have 88 gold pieces (gained 8).
You sense a monster nearby.
There is an entrance to Keul's Antique Weapon Emporium here. 2 gnolls come into view.
The gnoll shouts! x2; You hear a shout!
A gnoll comes into view. It is wielding a +0 flail. x2
The gnoll hits you from afar with a +0 spear.
The gnoll shouts!
The gnoll misses you.
You hit the gnoll.
The gnoll is moderately wounded.
The gnoll hits you from afar with a +0 halberd.
The gnoll hits you with a +0 spear. You block the gnoll's attack. x2
You barely miss the gnoll.
The gnoll is moderately wounded.
The gnoll hits you with a +0 spear!
The gnoll hits you from afar with a +0 halberd.
You closely miss the gnoll.
The gnoll is moderately wounded.
A rat comes into view.
The gnoll hits you but does no damage. The gnoll hits you with a +0 spear.
You hit the gnoll but do no damage.
The gnoll is moderately wounded.
The gnoll hits you from afar with a +0 halberd!
* * * LOW HITPOINT WARNING * * *
You block the gnoll's attack.
You hit the gnoll.
The gnoll is heavily wounded.
The gnoll hits you from afar with a +0 halberd!
* * * LOW HITPOINT WARNING * * *
The gnoll barely misses you.
You hit the gnoll.
The gnoll is severely wounded.
The gnoll hits you from afar with a +0 halberd!
You die...

#.###...##.##÷.##......#######
#.###......##.##..#.####
####.♣#..........##.##...#
#..g{.........##....####.#
#.{#♣∩♣#.gg...##.#### #.# ..
#..#.........# #.######## g
#♣........{### ####.#.......
###....r.#######......######
#.....ggg@.....####...# #
#.........######### ###.####
####......# #..#.. ########
##.... ###.. #.. #.. #.. ###


You could see 3 gnolls and a rat.

Vanquished Creatures
  An orc wizard (D:3)
  6 adders
  4 gnolls
  A worm (D:2)
  5 orcs
  2 ball pythons
  4 endoplasms
  A giant cockroach (D:2)
  6 goblins
  10 hobgoblins
  9 kobolds
  4 bats
  5 frilled lizards
  3 rats
61 creatures vanquished.

Notes
Turn   | Place    | Note
-------+----------+-------------------------------------------
     0 | D:1      | Fortus the Formicid Fighter began the quest for the Orb.
     0 | D:1      | Reached XP level 1. HP: 18/18 MP: 1/1
   191 | D:1      | Reached XP level 2. HP: 24/24 MP: 2/2
   462 | D:1      | Reached skill level 3 in Axes
   992 | D:1      | Reached XP level 3. HP: 25/29 MP: 3/3
  1301 | D:2      | Reached skill level 4 in Axes
  1301 | D:2      | Reached XP level 4. HP: 35/35 MP: 4/4
  1585 | D:2      | Found a faded altar of an unknown god.
  1914 | D:2      | Reached XP level 5. HP: 16/41 MP: 5/5
  2224 | D:2      | Reached skill level 5 in Axes
  2912 | D:3      | Found Keul's Antique Weapon Emporium.
  2942 | D:3      | HP: 1/41 [gnoll (9)]
  2943 | D:3      | Mangled by a gnoll

Illustrated notes

Levels and vault maps discovered:
D:1:      minmay_arrival_nine_rooms, layout_basic, serial_aquarium,
          aquarium_bridge_square [aquarium_subvault_window,
          aquarium_subvault_bridge, aquarium_subvault_balcony,
          aquarium_subvault_wall], aquarium_window_1, aquarium_window_2,
          aquarium_view_2e, aquarium_view_2f, aquarium_pool_1,
          kennysheep_crisscross, hangedman_decor_growths,
          chequers_serial_rivers_micro_a
D:2:      layout_rooms, shapermc_ecumenical_altar_petra, minmay_puff
D:3:      layout_rooms, serial_shops, nicolae_shop_trees

Skill      XL: |  1  2  3  4  5 |
---------------+----------------+-----
Axes           | 3 4 5 |  5.6
Fighting       | |  3.2
Armour         | |  3.2
Shields        | |  3.6

Action                   |  1- 3 |  4- 6 || total
-------------------------+-------+-------++-------
Melee: War axe           |    69 |   143 ||   212
Armor: Scale mail        |    33 |    58 ||    91
Dodge: Dodged            |    23 |    72 ||    95
Block: Buckler           |    17 |    30 ||    47

Table legend: (Time is in decaauts)
 A = Elapsed time spent in this place.
 B = Non-inter-level travel time spent in this place.
 C = Inter-level travel time spent in this place.
 D = Time resting spent in this place.
 E = Time spent auto-exploring this place.
 F = Levels seen in this place.
 G = Mean time per level.
                   A        B        C        D        E       F      G
               +--------+--------+--------+--------+--------+-----+--------+
         Total |   3002 |   2937 |     65 |    539 |   1862 |   3 | 1000.7 |
       Dungeon |   3002 |   2937 |     65 |    539 |   1862 |   3 | 1000.7 |
               +--------+--------+--------+--------+--------+-----+--------+

Top non-repeatable levels by time:
     D:2: 1318 daAuts
     D:1: 1298 daAuts
     D:3: 385 daAuts
